 Dungeon Crawl Stone Soup version 0.28-a0-479-g5baa6b73be (webtiles) character file.

Game seed: 14429390763621789723

166 timneilson the Conjurer (level 5, -2/29 HPs)
             Began as a Deep Elf Conjurer on Sept 18, 2021.
             Slain by Grinder (4 damage)
             ... while paralysed by Grinder
             ... on level 5 of the Dungeon.
             The game lasted 00:07:43 (2386 turns).

timneilson the Conjurer (Deep Elf Conjurer)         Turns: 2386, Time: 00:07:44

Health: -2/29      AC:  3    Str:  4    XL:     5   Next: 22%
Magic:  2/13       EV:  2    Int: 24    God:
Gold:   973        SH:  0    Dex: 13    Spells: 1/12 levels left

rFire   . . .      SeeInvis .   h - +0 short sword (vamp)
rCold   . . .      Faith    .   (no shield)
rNeg    . . .      Spirit   .   a - +1 robe
rPois   .          Reflect  .   (no helmet)
rElec   .          Harm     .   (no cloak)
rCorr   .          Rampage  .   (no gloves)
Will    .....                   (no boots)
Stlth   ++........              (no amulet)
HPRegen 0.09/turn               (no ring)
MPRegen 0.13/turn               (no ring)

@: paralysed
A: no striking features
a: no special abilities


You were on level 5 of the Dungeon.
You visited 1 branch of the dungeon, and saw 5 of its levels.

You collected 973 gold pieces.

Inventory:

Hand Weapons
 h - a +0 vampiric short sword (weapon)
Armour
 a - a +1 robe (worn)
Jewellery
 e - a +4 ring of protection
Scrolls
 f - a scroll of identify
 g - a scroll of enchant armour
 i - a scroll of fog
Potions
 b - 3 potions of curing
 c - a potion of haste {unknown}
 d - a potion of invisibility {unknown}


   Skills:
 + Level 1.1 Fighting
 + Level 1.2 Armour
 + Level 3.2 Dodging
 + Level 3.3 Stealth
 * Level 4.3 Spellcasting
 * Level 5.3 Conjurations
 + Level 0.0 Hexes
 + Level 0.0 Translocations


You had one spell level left.
You knew the following spells:

 Your Spells              Type           Power      Damage    Failure   Level
a - Magic Dart            Conj           100%       1d8       1%          1
b - Searing Ray           Conj           60%        2d6       1%          2
c - Fulminant Prism       Conj/Hex       8%         3d7       32%         4
d - Iskenderun's Mystic   Conj/Tloc      17%        2d5       32%         4

Your spell library contained the following spells:

 Spells                   Type           Power      Damage    Failure   Level
 Dazzling Flash           Conj/Hex       34%        N/A       10%         3


Dungeon Overview and Level Annotations

Branches:
Dungeon (6/15)
 Temple: D:4-7

Altars:
Zin

Annotations:
D:5 Grinder
D:6 1 transporter, mg7810's ghost, novice HOSu


Message History

The searing ray hits Grinder.
Grinder is heavily wounded.
Grinder gestures at you.
You struggle to resist.
The searing ray hits Grinder!
Grinder is severely wounded.
Grinder hits you.
You writhe in agony.
The searing ray hits Grinder.
Grinder is severely wounded.
You finish channelling your searing ray.
Grinder gestures at you.
You suddenly lose the ability to move!
Grinder hits you.
You writhe in agony.
Grinder barely misses you. Grinder gestures at you.
You resist with significant effort. Grinder gestures at you.
Pain shoots through your body! Grinder hits you.
* * * LOW HITPOINT WARNING * * *
You can move again.
Casting: Searing Ray (safe; 1% risk of failure)
Confirm with . or Enter, or press ? or * to list all spells.
Aiming: Searing Ray (safe; 1% risk of failure)
Press: ? - help, Shift-Dir - straight line, f/p - Grinder
Aim: Grinder (severely wounded, 77% to hit)
The searing ray hits Grinder!
Grinder is almost dead. (Press . to maintain the ray.) Grinder gestures at you.
Pain shoots through your body!
* * * LOW HITPOINT WARNING * * *
The searing ray hits Grinder but does no damage.
Grinder is almost dead.
Grinder gestures at you.
You suddenly lose the ability to move!
Grinder gestures at you.
You shrug off the repeated paralysis!
Grinder hits you.
You die...

... ..#
..#
..###
....
.!#
####'##
#.@5..#
#.....#
#.>...#
#####+#


You could see Grinder.

Vanquished Creatures
  A bullfrog zombie (D:6)
  Terence (D:2)
  An orc wizard (D:3)
  3 adders
  2 worms (D:2)
  4 orcs (D:3)
  2 endoplasms (D:3)
  2 giant cockroaches
  3 goblins
  6 hobgoblins
  3 quokkas (D:2)
  6 ball pythons
  4 bats
  2 frilled lizards
  6 kobolds
  3 rats
49 creatures vanquished.

Notes
Turn   | Place    | Note
-------+----------+-------------------------------------------
     0 | D:1      | timneilson the Deep Elf Conjurer began the quest for the
                  | Orb.
     0 | D:1      | Reached XP level 1. HP: 10/10 MP: 6/6
   787 | D:2      | Reached XP level 2. HP: 15/15 MP: 4/8
  1220 | D:2      | Reached XP level 3. HP: 20/20 MP: 7/10
  1228 | D:2      | Learned a level 2 spell: Searing Ray
  1548 | D:2      | Noticed Terence
  1554 | D:2      | Killed Terence
  1555 | D:2      | Reached skill level 5 in Conjurations
  1555 | D:2      | Reached XP level 4. HP: 16/24 MP: 2/11
  1689 | D:2      | Identified a scroll of acquirement
  1689 | D:2      | Acquired 878 gold pieces
  1825 | D:3      | Reached skill level 1 in Armour
  1958 | D:3      | Found a faded altar of an unknown god.
  1976 | D:3      | Found a glowing silver altar of Zin.
  2135 | D:3      | Reached skill level 1 in Fighting
  2308 | D:3      | You fall into a shaft and drop 3 floors!
  2317 | D:6      | Reached XP level 5. HP: 27/29 MP: 6/13
  2322 | D:6      | Learned a level 4 spell: Fulminant Prism
  2327 | D:6      | Learned a level 4 spell: Iskenderun's Mystic Blast
  2328 | D:6      | Noticed a vampire
  2330 | D:6      | Found a transporter.
  2331 | D:6      | Noticed mg7810's ghost (novice HOSu)
  2336 | D:5      | Entered Level 5 of the Dungeon
  2367 | D:5      | Noticed Grinder
  2377 | D:5      | Paralysed by Grinder for 6 turns
  2384 | D:5      | Paralysed by Grinder for 4 turns
  2386 | D:5      | Slain by Grinder

Illustrated notes

Levels and vault maps discovered:
D:1:      lightli_arrival_quake, layout_loops_cross, corexii_leaking_fountain,
          minivault_25, minivault_23
D:2:      layout_rooms, minmay_joined_circles, uniq_terence
D:3:      layout_basic, mainiacjoe_overflow_brackets,
          shapermc_ecumenical_altar_notcrosses
D:5:      layout_gridville, uniq_grinder
D:6:      layout_loops_ring, minmay_temple_entry_glassed_door,
          gammafunk_ghost_mausoleum, uniq_crazy_yiuf_cottage

Skill      XL: |  1  2  3  4 |
---------------+-------------+-----
Dodging        | 3 |  3.2
Conjurations   | 5 |  5.3
Stealth        | 3 |  3.3
Armour         | 1 |  1.2
Spellcasting   | 4 |  4.3
Fighting       | 1 |  1.1

Action                   |  1- 3 |  4- 6 || total
-------------------------+-------+-------++-------
 Cast: Magic Dart        |    47 |    15 ||    62
       Searing Ray       |     7 |     9 ||    16
  Use: Scroll            |     1 |     4 ||     5
Armor: Robe              |       |     1 ||     1
Dodge: Dodged            |     5 |     1 ||     6

Table legend: (Time is in decaauts)
 A = Elapsed time spent in this place.
 B = Non-inter-level travel time spent in this place.
 C = Inter-level travel time spent in this place.
 D = Time resting spent in this place.
 E = Time spent auto-exploring this place.
 F = Levels seen in this place.
 G = Mean time per level.
                   A        B        C        D        E       F      G
               +--------+--------+--------+--------+--------+-----+--------+
         Total |   2384 |   2364 |     20 |    145 |   1897 |   5 |  476.8 |
       Dungeon |   2384 |   2364 |     20 |    145 |   1897 |   5 |  476.8 |
               +--------+--------+--------+--------+--------+-----+--------+

Top non-repeatable levels by time:
     D:2: 997 daAuts
     D:1: 694 daAuts
     D:3: 615 daAuts
     D:5: 49 daAuts
     D:6: 27 daAuts
